 Dungeon Crawl Stone Soup version 0.17-a0-2208-ge5ab1d3 (webtiles) character file.

58 pk666 the Chopper (level 3, -5/34 HPs)
             Began as a Minotaur Berserker on Oct 26, 2015.
             Was a Believer of Trog.
             Shot with an arrow by a centaur (15 damage)
             ... on level 2 of the Dungeon.
             The game lasted 00:02:25 (1236 turns).

pk666 the Chopper (Minotaur Berserker)              Turns: 1236, Time: 00:02:25

Health: -5/34      AC:  1    Str: 22    XL:     3   Next: 75%
Magic:  2/2        EV: 12    Int:  4    God:    Trog [**....]
Gold:   89         SH:  0    Dex:  9    Spells: 0 memorised, 2 levels left

rFire  . . .     SeeInvis .     a - +0 hand axe
rCold  . . .     Clarity  .     (no armour)
rNeg   . . .     SustAt   .     (no shield)
rPois  .         Gourm    .     (helmet restricted)
rElec  .         Spirit   .     (no cloak)
rCorr  .         Warding  .     q - +0 pair of gloves
rMut   .         Stasis   .     (no boots)
MR     .....                    (no amulet)
Stlth  +.........               (no ring)
                                (no ring)

@: not resistant to hostile enchantments, very unstealthy
A: retaliatory headbutt, horns 2
a: Berserk, Trog's Hand, Burn Spellbooks, Renounce Religion


You were on level 2 of the Dungeon.
You worshipped Trog.
Trog was pleased with you.
You were not hungry.

You visited 1 branch of the dungeon, and saw 2 of its levels.

You collected 89 gold pieces.

Inventory:

Hand Weapons
 a - a +0 hand axe (weapon)
Armour
 g - a +0 scale mail (quivered)
 q - a +0 pair of gloves (worn)
Scrolls
 b - 2 scrolls of noise {unknown}
 d - 2 scrolls of remove curse {unknown}
 e - a scroll of enchant weapon {unknown}
 i - a scroll of recharging {unknown}
 k - a scroll of teleportation {unknown}
 m - a scroll of immolation {unknown}
 n - 2 scrolls of identify {unknown}
Potions
 f - 2 potions of curing {unknown}
 j - a potion of cure mutation {unknown}
 l - a potion of brilliance {unknown}
Comestibles
 c - 2 bread rations
 h - a slice of pizza
 o - a meat ration
 p - 2 fruits


   Skills:
 + Level 4.5 Fighting
 + Level 4.6 Axes
 + Level 3.0 Armour
 - Level 2.1 Dodging


You had 2 spell levels left.
You didn't know any spells.

Dungeon Overview and Level Annotations

Branches:
Dungeon (2/15)

Altars:
Vehumet


Innate Abilities, Weirdness & Mutations

You reflexively headbutt those who attack you in melee.
You have a pair of horns on your head.


Message History

No target in view!
No target in view!
No target in view!
Things that are here:
an uncursed hunting sling; 15 stones
p - 2 fruits
Things that are here:
an uncursed hunting sling; 15 stones You see here a stone.
You see here 4 stones.
You see here a club.
A centaur comes into view.
The centaur shouts!
The centaur wields a shortbow.
The centaur shoots an arrow.
The arrow hits you!
You see here an arrow.
The centaur shoots an arrow.
The arrow hits you!
* * * LOW HITPOINT WARNING * * *
You see here an arrow.
The centaur shoots an arrow.
The arrow hits you!
You die...

#.....)...#.# #
#.....<...#.#
###########....)....#.#
....................#.#
###########........##.#
# #........##.#
###.........#
#.######### #.#.@.....#
#.#(#####.#######
###.#c# #.##....#####
#.....###.#.##.........
#.........#.##...#...#.
#....######.....###.###
#...........##...#...#.
#....##########..)._...
..##....######
##รท.#...#.


You could see a centaur.

Vanquished Creatures
  2 adders (D:2)
  An ooze (D:1)
  A giant gecko (D:1)
  2 bats (D:2)
  4 giant cockroaches
  4 hobgoblins
  6 jackals
  A quokka (D:2)
  2 giant newts
  4 goblins (D:2)
  2 kobolds (D:1)
  3 rats (D:1)
32 creatures vanquished.

Vanquished Creatures (others)
  5 toadstools (D:1)
5 creatures vanquished.

Grand Total: 37 creatures vanquished

Notes
Turn   | Place    | Note
--------------------------------------------------------------
     0 | D:1      | pk666 the Minotaur Berserker began the quest for the Orb.
     0 | D:1      | Reached XP level 1. HP: 19/19 MP: 0/0
   129 | D:1      | Reached skill level 4 in Axes
   153 | D:1      | You fall through a shaft!
   156 | D:2      | Reached XP level 2. HP: 22/27 MP: 1/1
   506 | D:1      | Reached XP level 3. HP: 31/33 MP: 2/2
   756 | D:2      | Reached ** piety under Trog
   902 | D:2      | Found a radiant altar of Vehumet.
  1230 | D:2      | Noticed a centaur
  1236 | D:2      | Shot with an arrow by a centaur

Vault maps used:
D:1:      ldierk_walled_garden
D:2:      vehumet_crystals

Action                   || total
-------------------------++-------
Melee: Hand axe          ||    59
Invok: Berserk           ||     1
  Eat: Chunk             ||     2
